 Dungeon Crawl Stone Soup version 0.31-a0-177-g4aa6249778 (webtiles) character file.

Game seed: 2268664776326295439

7639 zazu2006 the Covert (level 11, -1/83 HPs)
             Began as a Gnoll Wanderer on June 18, 2023.
             Was an Elder of Vehumet.
             Slain by a sun demon (19 damage)
             ... on level 9 of the Dungeon.
             The game lasted 00:29:58 (10340 turns).

zazu2006 the Covert (Gnoll Wanderer)               Turns: 10340, Time: 00:29:59

Health: -1/83      AC: 12    Str: 14    XL:     11   Next: 18%
Magic:  20/20      EV: 17    Int: 19    God:    Vehumet [****..]
Gold:   471        SH:  5    Dex: 12    Spells: 10/22 levels left

rFire   . . .        W - +4 war axe (freeze)
rCold   . . .        e - +0 buckler
rNeg    . . .        L - +0 swamp dragon scales
rPois   +            K - +0 helmet
rElec   .            a - +0 cloak
rCorr   .            (no gloves)
SInv    .            c - +0 pair of boots
Will    .....        S - amulet of magic regeneration
Stlth   ++++         v - +6 ring of intelligence
HPRegen 0.33/turn    w - +5 ring of evasion
MPRegen 0.57/turn

%: no passive effects
@: no status effects
A: fangs 1, strong nose, distributed training
a: Renounce Religion


You were on level 9 of the Dungeon.
You worshipped Vehumet.
Vehumet was greatly pleased with you.
You visited 1 branch of the dungeon, and saw 9 of its levels.
You also visited: Bailey.

You collected 471 gold pieces.

Inventory:

Hand Weapons
 M - a +5 battleaxe of freezing
 O - a +3 quarterstaff of holy wrath
 P - a +4 morningstar of freezing
 W - a +4 war axe of freezing (weapon)
Missiles
 q - 32 boomerangs (quivered)
 s - 24 poisoned darts
 J - a throwing net
 U - 4 atropa-tipped darts
 V - 4 datura-tipped darts
Armour
 a - a +0 cloak (worn)
 c - a +0 pair of boots (worn)
 e - a +0 buckler (worn)
 K - a +0 helmet (worn)
 L - +0 swamp dragon scales (worn)
Jewellery
 j - a ring of flight
 v - a +6 ring of intelligence (left hand)
 w - a +5 ring of evasion (right hand)
 I - an amulet of the acrobat
 S - an amulet of magic regeneration (around neck)
Wands
 b - a wand of flame (10)
 E - a wand of paralysis (5)
Scrolls
 h - a scroll of vulnerability {unknown}
 i - 2 scrolls of brand weapon
 k - 3 scrolls of noise
 l - a scroll of enchant armour {unknown}
 m - 8 scrolls of fog
 n - a scroll of fear {unknown}
 o - a scroll of poison {unknown}
 r - a scroll of silence {unknown}
 x - 4 scrolls of teleportation
 y - a scroll of revelation
 z - 2 scrolls of enchant weapon
 F - 3 scrolls of blinking {unknown}
 G - a scroll of butterflies {unknown}
Potions
 d - 3 potions of heal wounds
 g - 5 potions of curing {unknown}
 p - a potion of resistance
 t - 3 potions of magic {unknown}
 u - a potion of attraction {unknown}
 A - 3 potions of might {unknown}
 B - 2 potions of haste {unknown}
 C - a potion of mutation {unknown}
 D - a potion of lignification
 H - a potion of berserk rage {unknown}
 N - 3 potions of ambrosia
 R - 3 potions of degeneration {unknown}


   Skills:
 + Level 6.8 Fighting
 + Level 6.2 Short Blades
 + Level 6.2 Long Blades
 + Level 6.8 Axes
 + Level 6.2 Maces & Flails
 + Level 6.2 Polearms
 + Level 6.2 Staves
 + Level 6.2 Ranged Weapons
 + Level 6.2 Throwing
 + Level 6.2 Armour
 + Level 6.2 Dodging
 + Level 11.4 Stealth
 + Level 6.2 Shields
 + Level 6.2 Unarmed Combat
 + Level 6.2 Spellcasting
 + Level 5.2 Conjurations
 + Level 5.2 Hexes
 + Level 5.2 Summonings
 + Level 5.2 Necromancy
 + Level 5.2 Translocations
 + Level 5.2 Transmutations
 + Level 5.2 Fire Magic
 + Level 5.2 Ice Magic
 + Level 5.2 Air Magic
 + Level 5.2 Earth Magic
 + Level 5.2 Poison Magic
 + Level 6.9 Invocations
 + Level 9.2 Evocations


You had 10 spell levels left.
You knew the following spells:

 Your Spells              Type           Power      Damage    Failure   Level
a - Foxfire               Conj/Fire      100%       2x1d9     1%          1
b - Volatile Blastmotes   Fire/Tloc      50%        2d14      2%          3
c - Mephitic Cloud        Conj/Pois/Air  25%        N/A       2%          3
d - Fireball              Conj/Fire      12%        3d7       22%         5

Your spell library contained the following spells:

 Spells                   Type           Power      Damage    Failure   Level
 Necrotise                Necr           100%       1d9       3%          1
 Slow                     Hex            100%       N/A       3%          1
 Lesser Beckoning         Tloc           50%        N/A       4%          2
 Confusing Touch          Hex            25%        N/A       10%         3
 Gell's Gravitas          Tloc           25%        N/A       10%         3
 Teleport Other           Tloc           25%        N/A       10%         3
 Vampiric Draining        Necr           25%        2d7       10%         3
 Vhi's Electric Charge    Tloc/Air       50%        N/A       10%         3
 Arcjolt                  Conj/Air       12%        1d22      22%         5
 Iskenderun's Battlesphe  Conj           25%        2d8       22%         5
 Agony                    Necr           25%        N/A       65%         5
 Conjure Ball Lightning   Conj/Air       12%        3x3d6     71%         6
 Orb of Destruction       Conj           12%        9d7       99%         7
 Maxwell's Capacitive Co  Air            12%        ∞         100%        8


Dungeon Overview and Level Annotations

Branches:
Dungeon (9/15)             Temple (0/1) D:7            Lair (0/5) D:8
 Bailey (visited)
    Orc: D:9-12

Altars:
Makhleb
Ru
Vehumet
Zin

Shops:
D:2 !


Innate Abilities, Weirdness & Mutations

You have very sharp teeth.
Your uncanny sense of smell can sniff out nearby items.
Your experience applies equally to all skills.


Message History

The hornet is almost dead.
You slash the hornet! You freeze the hornet.
You kill the hornet!
Vehumet accepts your kill.
You feel your power returning.
There is an open door here.
You close the door.
You start resting.
A sun demon opens the door.
Aiming: Bolt of Light
Press: ? - help, Shift-Dir - straight line, f - sun demon
Aim: a sun demon (67% to hit)
The bolt of light hits the sun demon!!
The sun demon is moderately wounded.
The sun demon is blinded.
The now-empty wand crumbles to dust.
Unknown command.
Unknown command.
Aiming: Paralyse
Press: ? - help, Shift-Dir - straight line, f/p - sun demon
Aim: a sun demon (moderately wounded, wandering, blind, hasn't noticed you, chance to affect: 20%)
The sun demon resists with almost no effort.
You slash the sun demon! You freeze the sun demon.
The sun demon is heavily wounded.
The sun demon completely misses you.
You slash the sun demon! You freeze the sun demon.
The sun demon is severely wounded.
The sun demon barely misses you. You block the sun demon's attack.
You closely miss the sun demon.
The sun demon is severely wounded.
The sun demon barely misses you.
You catch the helpless sun demon completely off-guard!
You hit the sun demon but do no damage. Your bite misses the sun demon.
The sun demon is severely wounded.
The sun demon is no longer blind.
The sun demon hits you!!
You are engulfed in flames!
* * * LOW HITPOINT WARNING * * *
The sun demon hits you.
* * * LOW HITPOINT WARNING * * *
You are engulfed in flames!!
You die...

######### #.......#
#.......+...+ #.......#...#
#.......#...# ...#
+.......#...# ...#
#.......#...+ ....#
##.....@.#...# ....#
#.....#3##...#.....#
#.....#.†....#.....+
#.....#......3....§#
+.....#......#......
######+###.....########....§P
...........................§≈
...........................§≈
..........................


P3 You could see a sun demon.

Vanquished Creatures
  A two-headed ogre (D:9)
  Pikel (D:5)
  Joseph (D:7)
  Maggie (D:7)
  A rime drake (D:8)
  A polar bear (D:7)
  A hornet (D:9)
  4 yaks (D:7)
  Menkaure (D:5)
  Duvessa (D:5)
  A water moccasin (D:5)
  5 ice beasts
  A black bear (D:4)
  6 orc warriors
  2 sky beasts (D:7)
  A phantom (D:7)
  A centaur (D:7)
  A wolf (D:7)
  8 kobold brigands
  4 bullfrogs
  A gnoll sergeant (D:7)
  14 wights
  Dowan (D:5)
  3 killer bees (D:9)
  4 howler monkeys
  A jelly (D:8)
  3 hounds
  A gnoll bouda (D:5)
  5 orc priests
  Crazy Yiuf (D:7)
  Ijyb (D:3)
  5 iguanas
  11 orc wizards
  10 gnolls
  10 adders
  A shadow imp (D:7)
  An ufetubus (D:7)
  2 worms
  44 orcs
  5 bats
  7 endoplasms
  3 giant cockroaches
  9 goblins
  3 hobgoblins
  2 jackals (D:1)
  21 kobolds
  3 quokkas
  4 ball pythons
  2 frilled lizards (D:1)
  6 rats
227 creatures vanquished.

Vanquished Creatures (others)
  384 foxfires
384 creatures vanquished.

Grand Total: 611 creatures vanquished

Notes
Turn   | Place    | Note
-------+----------+-------------------------------------------
     0 | D:1      | Reached skill level 9 in Stealth
     0 | D:1      | zazu2006 the Gnoll Wanderer began the quest for the Orb.
     0 | D:1      | zazu2006 set off with the following items: a +0 hand axe, a
                  | wand of flame (16), a +0 pair of boots, a potion of heal
                  | wounds, a +0 leather armour.
     0 | D:1      | Reached XP level 1. HP: 17/17 MP: 1/1
   231 | D:1      | Reached XP level 2. HP: 14/23 MP: 2/2
   687 | D:2      | Reached XP level 3. HP: 25/28 MP: 3/3
   774 | D:2      | Found a radiant altar of Vehumet.
   786 | D:2      | Became a worshipper of Vehumet
   787 | D:2      | Found Ygroned's Distillery.
   821 | D:2      | Reached skill level 1 in Invocations
   925 | D:2      | Reached skill level 1 in Short Blades
   925 | D:2      | Reached skill level 1 in Long Blades
   925 | D:2      | Reached skill level 1 in Maces & Flails
   925 | D:2      | Reached skill level 1 in Polearms
   925 | D:2      | Reached skill level 1 in Staves
   925 | D:2      | Reached skill level 1 in Ranged Weapons
   925 | D:2      | Reached skill level 1 in Throwing
   925 | D:2      | Reached skill level 1 in Armour
   925 | D:2      | Reached skill level 1 in Dodging
   925 | D:2      | Reached skill level 1 in Shields
   925 | D:2      | Reached skill level 1 in Unarmed Combat
   925 | D:2      | Reached skill level 1 in Spellcasting
  1258 | D:3      | Reached XP level 4. HP: 30/34 MP: 5/5
  1259 | D:3      | Reached skill level 1 in Conjurations
  1259 | D:3      | Reached skill level 1 in Hexes
  1259 | D:3      | Reached skill level 1 in Summonings
  1259 | D:3      | Reached skill level 1 in Necromancy
  1259 | D:3      | Reached skill level 1 in Translocations
  1259 | D:3      | Reached skill level 1 in Transmutations
  1259 | D:3      | Reached skill level 1 in Fire Magic
  1259 | D:3      | Reached skill level 1 in Ice Magic
  1259 | D:3      | Reached skill level 1 in Air Magic
  1259 | D:3      | Reached skill level 1 in Earth Magic
  1259 | D:3      | Reached skill level 1 in Poison Magic
  1332 | D:3      | Found a burning altar of Makhleb.
  1490 | D:3      | Noticed Ijyb
  1509 | D:3      | Killed Ijyb
  1510 | D:3      | Reached XP level 5. HP: 40/40 MP: 5/7
  1656 | D:3      | Reached * piety under Vehumet
  1656 | D:3      | Offered knowledge of Foxfire by Vehumet.
  1868 | D:3      | Found a glowing silver altar of Zin.
  1868 | D:3      | Noticed an angel
  1890 | D:3      | Learned a level 1 spell: Foxfire
  2376 | D:4      | Reached XP level 6. HP: 47/47 MP: 8/8
  2480 | D:4      | Noticed a black bear
  2494 | D:4      | Killed a black bear
  2732 | D:4      | Found a sacrificial altar of Ru.
  3351 | D:5      | Entered Level 5 of the Dungeon
  3372 | D:5      | Noticed Dowan
  3374 | D:5      | Noticed Duvessa
  3418 | D:5      | Killed Duvessa
  3419 | D:5      | Reached XP level 7. HP: 14/52 MP: 7/10
  3604 | D:5      | Offered knowledge of Shock by Vehumet.
  3635 | D:5      | Killed Dowan
  3635 | D:5      | Reached ** piety under Vehumet
  3721 | D:5      | Reached skill level 10 in Stealth
  4035 | D:5      | Reached XP level 8. HP: 48/60 MP: 9/12
  4096 | D:5      | Noticed Menkaure
  4105 | D:5      | Killed Menkaure
  4294 | D:5      | Noticed Pikel
  4318 | D:5      | Killed Pikel
  5700 | D:6      | Reached XP level 9. HP: 34/66 MP: 12/14
  6291 | D:7      | Noticed Maggie
  6314 | D:7      | Killed Maggie
  6314 | D:7      | Offered knowledge of Volatile Blastmotes by Vehumet.
  6315 | D:7      | Reached skill level 5 in Fighting
  6315 | D:7      | Reached skill level 5 in Axes
  6562 | D:7      | Found a staircase to the Ecumenical Temple.
  6670 | D:7      | Noticed Joseph
  6688 | D:7      | Killed Joseph
  6689 | D:7      | Reached skill level 5 in Invocations
  6901 | D:7      | Reached *** piety under Vehumet
  6973 | D:7      | Found a runed translucent door.
  6974 | D:7      | Noticed Crazy Yiuf
  7199 | D:7      | Learned a level 3 spell: Volatile Blastmotes
  7527 | D:7      | Reached skill level 5 in Short Blades
  7527 | D:7      | Reached skill level 5 in Long Blades
  7527 | D:7      | Reached skill level 5 in Maces & Flails
  7527 | D:7      | Reached skill level 5 in Polearms
  7527 | D:7      | Reached skill level 5 in Staves
  7527 | D:7      | Reached skill level 5 in Ranged Weapons
  7527 | D:7      | Reached skill level 5 in Throwing
  7527 | D:7      | Reached skill level 5 in Armour
  7527 | D:7      | Reached skill level 5 in Dodging
  7527 | D:7      | Reached skill level 5 in Shields
  7527 | D:7      | Reached skill level 5 in Unarmed Combat
  7527 | D:7      | Reached skill level 5 in Spellcasting
  7727 | D:7      | Killed Crazy Yiuf
  7728 | D:7      | Reached XP level 10. HP: 76/76 MP: 12/17
  7838 | D:7      | Offered knowledge of Airstrike by Vehumet.
  8057 | D:7      | Reached skill level 11 in Stealth
  8817 | D:8      | Found a staircase to the Lair.
  8821 | D:8      | Reached **** piety under Vehumet
  9201 | D:9      | Offered knowledge of Mephitic Cloud by Vehumet.
  9285 | D:9      | Found a flagged portal.
  9309 | D:9      | Learned a level 3 spell: Mephitic Cloud
  9311 | Bailey   | Entered a bailey
  9489 | Bailey   | Reached skill level 5 in Conjurations
  9489 | Bailey   | Reached skill level 5 in Hexes
  9489 | Bailey   | Reached skill level 5 in Summonings
  9489 | Bailey   | Reached skill level 5 in Necromancy
  9489 | Bailey   | Reached skill level 5 in Translocations
  9489 | Bailey   | Reached skill level 5 in Transmutations
  9489 | Bailey   | Reached skill level 5 in Fire Magic
  9489 | Bailey   | Reached skill level 5 in Ice Magic
  9489 | Bailey   | Reached skill level 5 in Air Magic
  9489 | Bailey   | Reached skill level 5 in Earth Magic
  9489 | Bailey   | Reached skill level 5 in Poison Magic
  9500 | Bailey   | Reached XP level 11. HP: 27/83 MP: 20/20
  9698 | Bailey   | Found an iron altar of Okawaru.
  9929 | D:9      | Noticed a two-headed ogre
  9945 | D:9      | Killed a two-headed ogre
  9952 | D:9      | Learned a level 5 spell: Fireball
 10303 | D:9      | Noticed a sun demon
 10340 | D:9      | Slain by a sun demon

Illustrated notes

Levels and vault maps discovered:
D:1:      matt_arrival_spirals, layout_rooms, minmay_3d_cube
D:2:      layout_rooms, serial_shops, nicolae_shop_statue_plus, basic_altar
D:3:      layout_basic, zin_angel, mainiacjoe_overflow_brackets, uniq_ijyb
D:4:      layout_loops_ring, nicolae_ru_great_annihilating_truth,
          chequers_big_river
D:5:      layout_basic, hangedman_decor_diamond_cutter, uniq_pikel,
          uniq_duvessa, uniq_menkaure
D:6:      layout_basic, roderic_roman_lattice
D:7:      layout_loops_ring, minmay_temple_entry_wispy, uniq_joseph,
          uniq_maggie, uniq_crazy_yiuf_cottage
D:8:      layout_rooms, hellmonk_lair_entry_icy
D:9:      layout_gridville, minitemple, serial_demonic, serial_demonic_e,
          serial_demonic_b, serial_demonic_b, serial_demonic_g, enter_bailey_4

Skill      XL: |  1  2  3  4  5  6  7  8  9 10 |
---------------+-------------------------------+-----
Stealth        | 10 11 | 11.4
Invocations    | 1 2 3 4 5 6 |  6.9
Short Blades   | 1 2 3 5 6 |  6.2
Long Blades    | 1 2 3 5 6 |  6.2
Maces & Flails | 1 2 3 5 6 |  6.2
Polearms       | 1 2 3 5 6 |  6.2
Staves         | 1 2 3 5 6 |  6.2
Ranged Weapons | 1 2 3 5 6 |  6.2
Throwing       | 1 2 3 5 6 |  6.2
Armour         | 1 2 3 5 6 |  6.2
Dodging        | 1 2 3 5 6 |  6.2
Shields        | 1 2 3 5 6 |  6.2
Unarmed Combat | 1 2 3 5 6 |  6.2
Spellcasting   | 1 2 3 5 6 |  6.2
Conjurations   | 1 2 3 4 5 |  5.2
Hexes          | 1 2 3 4 5 |  5.2
Summonings     | 1 2 3 4 5 |  5.2
Necromancy     | 1 2 3 4 5 |  5.2
Translocations | 1 2 3 4 5 |  5.2
Transmutations | 1 2 3 4 5 |  5.2
Fire Magic     | 1 2 3 4 5 |  5.2
Ice Magic      | 1 2 3 4 5 |  5.2
Air Magic      | 1 2 3 4 5 |  5.2
Earth Magic    | 1 2 3 4 5 |  5.2
Poison Magic   | 1 2 3 4 5 |  5.2
Fighting       | 3 4 5 6 |  6.8
Axes           | 3 4 5 6 |  6.8
Evocations     | 7 8 9 |  9.2

Action                     |  1- 3 |  4- 6 |  7- 9 | 10-12 || total
---------------------------+-------+-------+-------+-------++-------
  Melee: Hand axe          |    51 |       |       |       ||    51
         Bite              |     9 |     8 |    23 |    14 ||    54
         War axe           |    46 |    88 |   125 |    25 ||   284
         Punch             |     1 |     1 |     6 |       ||     8
         Broad axe         |       |       |    78 |       ||    78
         Battleaxe         |       |       |       |    96 ||    96
  Throw: Boomerang         |     2 |    12 |       |       ||    14
   Cast: Foxfire           |       |    45 |   114 |    81 ||   240
         Volatile Blastmot |       |       |     8 |    38 ||    46
         Mephitic Cloud    |       |       |       |     2 ||     2
  Evoke: Wand              |       |    11 |    13 |     4 ||    28
    Use: Potion            |       |     3 |     1 |       ||     4
         Scroll            |       |       |       |     6 ||     6
   Stab: Sleeping          |     7 |     8 |     3 |       ||    18
         Paralysed         |       |       |    18 |       ||    18
         Confused          |       |       |       |     1 ||     1
         Invisible         |       |       |       |     1 ||     1
 Armour: Leather armour    |    48 |    30 |    22 |       ||   100
         Skin              |       |     9 |       |       ||     9
         Swamp dragon scal |       |       |    37 |    80 ||   117
  Dodge: Dodged            |    82 |    74 |   185 |   245 ||   586
  Block: Buckler           |       |       |       |     5 ||     5

Table legend: (Time is in decaauts)
 A = Elapsed time spent in this place.
 B = Non-inter-level travel time spent in this place.
 C = Inter-level travel time spent in this place.
 D = Time resting spent in this place.
 E = Time spent auto-exploring this place.
 F = Levels seen in this place.
 G = Mean time per level.
                   A        B        C        D        E       F      G
               +--------+--------+--------+--------+--------+-----+--------+
         Total |  10537 |  10293 |    244 |    983 |   7025 |  10 | 1053.7 |
       Dungeon |  10056 |   9812 |    244 |    834 |   6866 |   9 | 1117.3 |
        Bailey |    480 |    480 |      0 |    149 |    158 |   1 |  480.0 |
               +--------+--------+--------+--------+--------+-----+--------+

Top non-repeatable levels by time:
     D:7: 2433 daAuts
     D:6: 1408 daAuts
     D:4: 1288 daAuts
     D:5: 1112 daAuts
     D:3: 987 daAuts
     D:8: 850 daAuts
     D:9: 706 daAuts
     D:1: 671 daAuts
     D:2: 598 daAuts
  Bailey: 480 daAuts
